 Dungeon Crawl Stone Soup version 0.24-a0-439-g6dd8730de2 (webtiles) character file.

Game seed: 13432673852421644245

261 Gumption the Bolt Thrower (level 6, -1/47 HPs)
             Began as a Human Hunter on June 18, 2019.
             Slain by a gnoll
             ... wielding a +0 halberd
              (15 damage)
             ... on level 3 of the Dungeon.
             The game lasted 00:17:26 (3895 turns).

Gumption the Bolt Thrower (Human Hunter)            Turns: 3895, Time: 00:17:27

Health: -1/47      AC:  5    Str: 15    XL:     6   Next: 42%
Magic:  6/6        EV: 13    Int: 11    God:
Gold:   92         SH:  0    Dex: 13    Spells: 5/5 levels left

rFire    . . .     SeeInvis .   b - +0 short sword
rCold    . . .     Gourm    .   (no shield)
rNeg     . . .     Faith    .   c - +0 leather armour
rPois    .         Spirit   .   (no helmet)
rElec    .         Reflect  .   (no cloak)
rCorr    .         Harm     .   (no gloves)
MR       .....                  k - +1 pair of boots
Stlth    +.........             (no amulet)
HPRegen  0.15/turn              (no ring)
MPRegen  0.10/turn              (no ring)

@: no status effects
A: no striking features
a: no special abilities


You were on level 3 of the Dungeon.
You were very hungry.

You visited 1 branch of the dungeon, and saw 3 of its levels.

You collected 92 gold pieces.

Inventory:

Hand Weapons
 a - a +1 hand crossbow
 b - a +0 short sword (weapon)
Missiles
 o - 3 boomerangs (quivered)
Armour
 c - a +0 leather armour (worn)
 k - a +1 pair of boots (worn)
Jewellery
 e - a +4 amulet of reflection {unknown}
 p - an uncursed ring of resist corrosion {unknown}
Scrolls
 f - a scroll of identify {unknown}
 g - a scroll of immolation {unknown}
 i - a scroll of magic mapping {unknown}
 q - a scroll of amnesia {unknown}
 r - a scroll of remove curse {unknown}
Potions
 j - 2 potions of might {unknown}
 l - a potion of degeneration {unknown}
 m - 2 potions of haste {unknown}
Comestibles
 h - 5 rations


   Skills:
 + Level 3.2 Fighting
 * Level 5.5 Crossbows
 + Level 2.3 Armour
 + Level 3.2 Dodging
 - Level 1.0 Stealth


You had 5 spell levels left.
You didn't know any spells.
Your spell library was empty.

Dungeon Overview and Level Annotations

Branches:
Dungeon (3/15)

Altars:
Dithmenos
Sif Muna


Message History

The gnoll is heavily wounded.
The gnoll hits you with a +0 club!
You hit the gnoll.
The gnoll is severely wounded.
The gnoll hits you with a +0 club!
You hit the gnoll but do no damage.
The gnoll is severely wounded.
The gnoll misses you.
You hit the gnoll.
You kill the gnoll!
You hit the gnoll.
The gnoll is moderately wounded.
The gnoll hits you with a +0 flail. The gnoll misses you.
You hit the gnoll but do no damage.
The gnoll is moderately wounded.
The gnoll hits you with a +0 flail!
* * * LOW HITPOINT WARNING * * *
A gnoll comes into view.
The gnoll hits you from afar with a +0 halberd!
You die...

# #...# ##≈≈.≈≈##.....#### #
#####...#####≈≈≈.≈≈≈####.....# #
.......>....#≈≈...≈≈####.....# #
............#≈≈._.≈≈##.......# #
............#≈≈...≈≈##.#.....# #
#####...#####≈≈≈≈≈≈≈#........# #
# #...# ##≈≈≈≈≈###.####### # #
#...# ####### #.# #...# #@# #.#
#...# #g#####.# #####...#
##g......###### ...##(..#
##...####......#####
##.##..#######......#######......
##.#.(...(.((........############
P.....(..(................
≈≈≈≈≈≈≈≈≈(≈≈≈≈≈≈(≈..g.≈≈≈≈
≈≈≈≈≈≈≈≈≈≈≈≈≈≈≈≈(≈....≈≈≈≈


You could see 3 gnolls.

Vanquished Creatures
  15 gnolls (D:3)
  4 adders
  2 dart slugs (D:2)
  3 worms
  2 leopard geckos (D:1)
  An orc (D:3)
  4 bats
  4 giant cockroaches
  7 goblins
  3 hobgoblins
  9 jackals (D:3)
  2 quokkas (D:3)
  2 ball pythons (D:3)
  4 frilled lizards
  8 kobolds
  4 rats
74 creatures vanquished.

Notes
Turn   | Place    | Note
-------+----------+-------------------------------------------
     0 | D:1      | Gumption the Human Hunter began the quest for the Orb.
     0 | D:1      | Reached XP level 1. HP: 16/16 MP: 1/1
   475 | D:1      | Reached XP level 2. HP: 22/22 MP: 2/2
  1207 | D:2      | Reached XP level 3. HP: 25/27 MP: 3/3
  1250 | D:2      | Reached skill level 1 in Armour
  1367 | D:2      | Reached XP level 4. HP: 10/34 MP: 4/4
  2131 | D:2      | Found a shadowy altar of Dithmenos.
  2392 | D:3      | Found a deep blue altar of Sif Muna.
  2804 | D:3      | Reached XP level 5. HP: 38/39 MP: 5/5
  3188 | D:3      | Reached skill level 5 in Crossbows
  3449 | D:3      | Reached XP level 6. HP: 32/47 MP: 6/6
  3895 | D:3      | Slain by a gnoll

Levels and vault maps discovered:
D:1:      lightli_molten_gateway, layout_basic
D:2:      layout_rooms, marbit_many_paths
D:3:      lemuel_castle_with_subvaults [lemuel_castle_interior_carwin_3],
          layout_loops_cross, first_ration, led_sif_pool

Skill      XL: |  1  2  3  4  5 |
---------------+----------------+-----
Armour         | 1 2 |  2.3
Crossbows      | 5 |  5.5
Dodging        | 3 |  3.2
Fighting       | 3 |  3.2
Stealth        | |  1.0

Action                   |  1- 3 |  4- 6 || total
-------------------------+-------+-------++-------
Melee: Short sword       |   118 |   142 ||   260
 Fire: Hand crossbow     |    12 |    75 ||    87
Throw: Stone             |       |    18 ||    18
       Boomerang         |       |    12 ||    12
 Stab: Sleeping          |       |     4 ||     4
  Eat: Ration            |     1 |       ||     1
       Chunk             |       |     5 ||     5
Armor: Leather armour    |    41 |    51 ||    92
Dodge: Dodged            |    91 |   118 ||   209

Table legend:
 A = Non-vault XP
 B = Vault XP
 C = Vault XP percentage of total XP
 D = Non-vault monster count
 E = Vault monster count
 F = Vault count percentage of total count
                 A         B        C        D         E       F
            +---------+---------+-------+---------+---------+-------
      Total |     140 |     234 |  62.6 |      49 |      25 |  33.8
            +---------+---------+-------+---------+---------+-------
        D:1 |      26 |       0 |   0.0 |      16 |       0 |   0.0
        D:2 |      61 |       1 |   1.6 |      18 |       1 |   5.3
        D:3 |      53 |     233 |  81.5 |      15 |      24 |  61.5
            +---------+---------+-------+---------+---------+-------
